 Dungeon Crawl Stone Soup version 0.30-a0-1112-gfb780f5df6 (webtiles) character file.

Game seed: 11520297053213310756

2663 Newt the Cutter (level 9, -12/69 HPs)
             Began as a Demonspawn Gladiator on Apr 19, 2023.
             Was a Follower of Dithmenos.
             Killed from afar by Maggie (21 damage)
             ... with a bolt of fire
             ... on level 8 of the Dungeon.
             The game lasted 00:09:35 (8015 turns).

Newt the Cutter (Demonspawn Gladiator)              Turns: 8015, Time: 00:09:35

Health: -12/69     AC: 10    Str: 17    XL:     9   Next: 36%
Magic:  10/10      EV: 14    Int: 15    God:    Dithmenos [*.....]
Gold:   440        SH:  0    Dex: 17    Spells: 8/8 levels left

rFire   . . .      SeeInvis .    p - +2 dagger (venom)
rCold   + . .      Faith    .    (no shield)
rNeg    . . .      Spirit   .    K - +0 steam dragon scales
rPois   .          Reflect  .    A - +2 helmet
rElec   .          Rampage  .    (no cloak)
rCorr   .                        J - +0 pair of gloves {Stlth+}
Will    .....                    D - +0 pair of boots
Stlth   +++++                    C - amulet of the acrobat
HPRegen 0.31/turn                n - +6 ring of intelligence
MPRegen 0.12/turn                s - ring of protection from cold

@: mighty, mesmerised, wreathed by umbra
A: ignite blood 2, powered by pain 2, demonic touch 1
a: Renounce Religion


You were on level 8 of the Dungeon.
You worshipped Dithmenos.
Dithmenos was aware of your devotion.
You visited 2 branches of the dungeon, and saw 9 of its levels.

You collected 440 gold pieces.

Inventory:

Hand Weapons
 a - a +0 rapier
 h - a +0 short sword of electrocution
 p - a +2 dagger of venom (weapon)
 B - a +4 dagger
Missiles
 d - 3 throwing nets (quivered)
 e - a javelin
 g - 50 stones
 m - 5 curare-tipped darts
 t - 10 poisoned darts
 E - 12 boomerangs
Armour
 b - a +0 leather armour
 c - a +0 helmet
 i - a +0 hat
 A - a +2 helmet (worn)
 D - a +0 pair of boots (worn)
 J - a +0 pair of gloves of stealth (worn)
 K - +0 steam dragon scales (worn)
Jewellery
 n - a +6 ring of intelligence (left hand)
 s - a ring of protection from cold (right hand)
 C - an amulet of the acrobat (around neck)
Wands
 o - a wand of flame (7)
 v - a wand of mindburst (16)
 H - a wand of roots (8)
Scrolls
 x - 4 scrolls of blinking
 y - a scroll of noise
 L - a scroll of teleportation
 M - a scroll of enchant armour
 O - a scroll of amnesia
 P - a scroll of magic mapping
Potions
 f - 4 potions of heal wounds
 j - 2 potions of magic
 k - 2 potions of invisibility
 l - 3 potions of curing
 q - a potion of might
 r - 3 potions of lignification
 u - a potion of degeneration
 w - 3 potions of resistance
 z - 2 potions of ambrosia
 F - a potion of haste
 G - 2 potions of brilliance
 I - a potion of berserk rage {unknown}


   Skills:
 - Level 6.0 Fighting
 - Level 7.2 Short Blades
 - Level 1.7 Throwing
 - Level 4.0 Dodging
 - Level 6.0 Stealth
 + Level 2.3 Invocations
 - Level 5.0 Evocations


You had 8 spell levels left.
You didn't know any spells.
Your spell library contained the following spells:

 Spells                   Type           Power      Damage    Failure   Level
 Freeze                   Ice            0%         1d3       26%         1
 Blink                    Tloc           0%         N/A       38%         2
 Cigotuvi's Dreadful Rot  Necr/Pois/Air  0%         N/A       38%         2
 Lesser Beckoning         Tloc           0%         N/A       38%         2
 Momentum Strike          Conj/Tloc      0%         3d8       38%         2
 Scorch                   Fire           0%         2d5       38%         2
 Sublimation of Blood     Necr           0%         N/A       38%         2
 Frozen Ramparts          Ice            0%         1d1       63%         3
 Gell's Gravitas          Tloc           0%         N/A       63%         3
 Hailstorm                Conj/Ice       0%         3d3       63%         3
 Ignite Poison            Fire/Tmut/Pois 0%         N/A       63%         3
 Teleport Other           Tloc           0%         N/A       63%         3
 Flame Wave               Conj/Fire      0%         2d4       95%         4
 Petrify                  Tmut/Erth      0%         N/A       95%         4
 Sticky Flame             Conj/Fire      0%         2d3       95%         4
 Freezing Cloud           Conj/Ice/Air   0%         6-21      100%        5
 Irradiate                Conj/Tmut      0%         3d11      100%        5
 Summon Cactus Giant      Summ           0%         N/A       100%        6
 Ignition                 Fire           0%         3d3       100%        8


Dungeon Overview and Level Annotations

Branches:
Dungeon (8/15)             Temple (1/1) D:4
   Lair: D:8-11

Altars:
Ashenzari
Dithmenos
Nemelex Xobeh
Ru
Sif Muna
Wu Jian
Xom
Yredelemnul

Shops:
D:6 [

Annotations:
D:8 Maggie


Innate Abilities, Weirdness & Mutations

Your demonic aura often causes spilled blood to erupt in flames.
You sometimes gain power by taking damage.
Your touch may inflict minor irresistible damage on your foes.


Message History

The bolt of fire misses you.
The troll shouts!
Maggie barely misses you.
You hit Maggie.
Maggie is poisoned.
Maggie is lightly wounded.
A hound comes into view.
You closely miss Maggie.
Maggie is lightly wounded.
Maggie barely misses you.
You barely miss Maggie.
The hound barks!
Your touch misses Maggie.
Maggie is lightly wounded.
You hear a howl!
Maggie barely misses you.
An electric eel comes into view.
You hit Maggie but do no damage.
Maggie looks even sicker.
Maggie is lightly wounded.
Unknown command.
You feel very mighty all of a sudden. Maggie barely misses you.
The troll bites you!
The troll claws you but does no damage. x2
Unknown command.
You closely miss Maggie.
Maggie is lightly wounded.
The troll bites you! The troll claws you! The troll claws you.
Maggie barely misses you.
Unknown command.
You hit Maggie.
Maggie looks as sick as possible!
You touch Maggie!
Maggie is moderately wounded.
The troll bites you!
* * * LOW HITPOINT WARNING * * *
The troll claws you.
* * * LOW HITPOINT WARNING * * *
The troll claws you.
* * * LOW HITPOINT WARNING * * *
Maggie is engulfed in blazing flames.
Maggie points at you and mumbles some strange words.
The bolt of fire hits you!!
You die...

#...≈≈≈~.~
#..~≈≈≈~.~
#..≈≈≈≈~.S
#####.~.~≈.~.≈
..##...~h.~.~
#.##....~.S.~
#.##..T......
#....@@......
#$#..☼..#####
#.####### #.#
#.# #.# #.#
#.# #.#
#######
#########


You could see Maggie (mesmerising, extremely poisoned), a troll, a hound and 2
electric eels.

Vanquished Creatures
  A steam dragon (D:6)
  Menkaure (D:4)
  Duvessa (D:4)
  An orc warrior (D:5)
  2 black bears
  An ogre (D:5)
  A phantom (D:6)
  2 centaurs (D:6)
  A kobold brigand (D:8)
  Blork the orc (D:4)
  4 scorpions
  3 wights (D:6)
  Dowan (D:4)
  An electric eel (D:6)
  An orc priest (D:5)
  3 gnoll boudas
  3 jellies
  4 hounds
  Ijyb (D:3)
  A sleepcap (D:5)
  Jessica (D:2)
  6 iguanas
  6 orc wizards
  Robin (D:2)
  18 gnolls
  7 adders
  A white imp (D:5)
  5 worms
  A dart slug (D:1)
  21 orcs
  4 endoplasms
  4 giant cockroaches
  13 goblins
  6 hobgoblins
  3 jackals (D:4)
  13 kobolds
  3 quokkas (D:5)
  7 ball pythons
  7 bats
  A frilled lizard (D:2)
  A rat (D:1)
163 creatures vanquished.

Notes
Turn   | Place    | Note
-------+----------+-------------------------------------------
     0 | D:1      | Newt the Demonspawn Gladiator began the quest for the Orb.
     0 | D:1      | Reached XP level 1. HP: 16/16 MP: 1/1
   154 | D:1      | Gained mutation: Your demonic aura sometimes causes spilled
                  | blood to erupt in flames. [demonic ancestry]
   154 | D:1      | Reached XP level 2. HP: 23/23 MP: 2/2
   966 | D:2      | Reached XP level 3. HP: 28/29 MP: 3/3
  1490 | D:2      | Noticed Robin
  1512 | D:2      | Killed Robin
  1805 | D:2      | Gained mutation: Your touch may inflict minor irresistible
                  | damage on your foes. [demonic ancestry]
  1805 | D:2      | Reached XP level 4. HP: 37/37 MP: 4/4
  1983 | D:2      | Noticed Jessica
  1991 | D:2      | Killed Jessica
  2452 | D:3      | Noticed Ijyb
  2468 | D:3      | Killed Ijyb
  2469 | D:3      | Reached skill level 3 in Short Blades
  2469 | D:3      | Gained mutation: You sometimes gain a little power by
                  | taking damage. [demonic ancestry]
  2469 | D:3      | Reached XP level 5. HP: 31/42 MP: 5/5
  2856 | D:4      | Noticed Menkaure
  2858 | D:4      | Killed Menkaure
  2859 | D:4      | Reached skill level 4 in Short Blades
  2859 | D:4      | Gained mutation: You sometimes gain power by taking damage.
                  | [demonic ancestry]
  2859 | D:4      | Reached XP level 6. HP: 48/48 MP: 6/6
  3064 | D:4      | Reached skill level 5 in Short Blades
  3302 | D:4      | Noticed Blork the orc
  3312 | D:4      | Killed Blork the orc
  3683 | D:4      | Noticed Duvessa
  3685 | D:4      | Noticed Dowan
  3690 | D:4      | Killed Duvessa
  3691 | D:4      | Reached skill level 6 in Short Blades
  3691 | D:4      | Gained mutation: Your demonic aura often causes spilled
                  | blood to erupt in flames. [demonic ancestry]
  3691 | D:4      | Reached XP level 7. HP: 40/54 MP: 7/7
  3703 | D:4      | Killed Dowan
  4005 | D:4      | Found a staircase to the Ecumenical Temple.
  4013 | D:4      | You fall into a shaft and drop 2 floors!
  4090 | D:6      | Reached skill level 7 in Short Blades
  4483 | D:6      | Reached skill level 1 in Evocations
  4598 | D:5      | Entered Level 5 of the Dungeon
  4701 | D:5      | Reached XP level 8. HP: 56/60 MP: 8/8
  4829 | Temple   | Entered the Ecumenical Temple
  5019 | Temple   | Became a worshipper of Dithmenos the Shadowed
  5693 | D:5      | Reached skill level 5 in Evocations
  6475 | D:6      | Reached skill level 5 in Stealth
  6497 | D:6      | Reached * piety under Dithmenos
  6704 | D:6      | Found Jemob's Armour Shop.
  6726 | D:6      | Reached XP level 9. HP: 65/65 MP: 9/9
  7073 | D:6      | Reached skill level 5 in Fighting
  7100 | D:6      | Identified the +0 short sword of Qeroad {drain, Int+6}
  7598 | D:7      | Reached skill level 1 in Invocations
  8004 | D:8      | Noticed Maggie
  8006 | D:8      | Noticed a troll
  8015 | D:8      | Killed from afar by Maggie

Illustrated notes

Levels and vault maps discovered:
D:1:      matt_arrival_grand_opening, layout_basic
D:2:      layout_loops_ring, uniq_robin, uniq_jessica
D:3:      layout_basic, st_stairs_11, uniq_ijyb
D:4:      layout_basic, uniq_duvessa, uniq_blork_the_orc, uniq_menkaure
D:5:      layout_basic, grunt_tough_drop
D:6:      layout_loops_ring, serial_shops, shop, fountainhead
D:7:      layout_loops_ring, feat_on_display
D:8:      layout_basic, erik_lair_island, ebering_ghost_gozag,
          hangedman_decor_diamond_cutter, hex_tiny, kennysheep_generic_room_10,
          uniq_maggie, uniq_pikel
Temple:   nicolae_temple_bog_church

Skill      XL: |  1  2  3  4  5  6  7  8  9 |
---------------+----------------------------+-----
Fighting       | 3 4 6 |  6.0
Dodging        | 3 4 |  4.0
Short Blades   | 3 4 6 7 |  7.2
Evocations     | 3 5 |  5.0
Stealth        | 5 6 |  6.0
Invocations    | 2 |  2.3
Throwing       | |  1.7

Action                     |  1- 3 |  4- 6 |  7- 9 || total
---------------------------+-------+-------+-------++-------
  Melee: Rapier            |   104 |       |       ||   104
         Short sword       |    20 |       |       ||    20
         Dagger            |     7 |   134 |   298 ||   439
         Punch             |     1 |     1 |     4 ||     6
         Touch             |       |    20 |    43 ||    63
  Throw: Throwing net      |     2 |     1 |       ||     3
         Dart              |       |     1 |     3 ||     4
         Javelin           |       |       |     1 ||     1
  Evoke: Wand              |       |     2 |     3 ||     5
    Use: Scroll            |     2 |     4 |    11 ||    17
         Potion            |       |       |     5 ||     5
   Stab: Sleeping          |     1 |       |    10 ||    11
         Held in net/web   |     3 |     1 |       ||     4
 Armour: Leather armour    |    29 |    17 |    43 ||    89
         Steam dragon scal |       |       |    22 ||    22
  Dodge: Dodged            |    80 |    87 |   182 ||   349

Table legend: (Time is in decaauts)
 A = Elapsed time spent in this place.
 B = Non-inter-level travel time spent in this place.
 C = Inter-level travel time spent in this place.
 D = Time resting spent in this place.
 E = Time spent auto-exploring this place.
 F = Levels seen in this place.
 G = Mean time per level.
                   A        B        C        D        E       F      G
               +--------+--------+--------+--------+--------+-----+--------+
         Total |   7888 |   7508 |    380 |   1897 |   4459 |   9 |  876.4 |
       Dungeon |   7677 |   7321 |    356 |   1897 |   4281 |   8 |  959.6 |
        Temple |    210 |    186 |     24 |      0 |    177 |   1 |  210.0 |
               +--------+--------+--------+--------+--------+-----+--------+

Top non-repeatable levels by time:
     D:4: 1678 daAuts
     D:6: 1370 daAuts
     D:2: 1268 daAuts
     D:5: 1090 daAuts
     D:1: 899 daAuts
     D:7: 649 daAuts
     D:3: 571 daAuts
  Temple: 210 daAuts
     D:8: 151 daAuts
